 Dungeon Crawl Stone Soup version 0.19-a0-1035-gdbfb0c6 (webtiles) character file.

971 seren the Insei (level 7, -19/59 HPs)
             Began as a Pale Draconian Transmuter on July 29, 2016.
             Was a Follower of Okawaru.
             Demolished by an ogre
             ... wielding a +0 giant club
              (22 damage)
             ... on level 3 of the Dungeon.
             The game lasted 00:36:04 (8146 turns).

seren the Insei (Pale Draconian Transmuter)         Turns: 8146, Time: 00:36:04

Health: -19/59     AC:  8    Str: 13    XL:     7   Next: 94%
Magic:  9/10       EV: 14    Int: 13    God:    Okawaru [*.....]
Gold:   182        SH:  0    Dex: 13    Spells: 2 memorised, 7 levels left

rFire  . . .     SeeInvis .       - Unarmed
rCold  . . .     Gourm    .     (armour unavailable)
rNeg   . . .     Faith    .     (no shield)
rPois  .         Spirit   .     w - +1 hat
rElec  .         Dismiss  .     p - +0 cloak
rCorr  .         Reflect  .     (no gloves)
SustAt .         Harm     .     (boots currently unavailable)
MR     .....                    (no amulet)
Stlth  +.........               (no ring)
                                (no ring)

@: about to teleport, appendage (expiring), not resistant to hostile
enchantments, very unstealthy
A: breathe steam, unfitting armour, talons 3, cold-blooded, AC +6
a: Breathe Steam, End Transformation, Heroism, Renounce Religion


You were on level 3 of the Dungeon.
You worshipped Okawaru.
Okawaru was aware of your devotion.
You were not hungry.
You had grown temporary talons.
You visited 2 branches of the dungeon, and saw 7 of its levels.

You collected 182 gold pieces.

Inventory:

Hand Weapons
 d - a +0 antimagic dagger
Missiles
 a - 58 arrows
 l - 4 tomahawks (quivered)
 x - 6 javelins of penetration
Armour
 p - a +0 cloak (worn)
 w - a +1 hat (worn)
Wands
 r - a wand of digging (3/24)
Scrolls
 f - a scroll of teleportation
 g - a scroll of immolation {unknown}
 h - 2 scrolls of remove curse {unknown}
 i - a scroll of fog {unknown}
 m - 2 scrolls of recharging {unknown}
 q - 4 scrolls of identify {unknown}
 t - a scroll of blinking {unknown}
Potions
 e - a potion of haste {unknown}
 j - a potion of brilliance {unknown}
 k - a potion of invisibility {unknown}
 n - 3 potions of heal wounds {unknown}
 o - a potion of cure mutation {unknown}
 s - a potion of might {unknown}
 u - a potion of agility {unknown}
 v - a potion of berserk rage {unknown}
 B - a potion of curing
Books
 b - a book of Changes

   Spells                             Type                      Level
   a - Beastly Appendage              Transmutation                1
   b - Sticks to Snakes               Transmutation                2
   c - Spider Form                    Transmutation/Poison         3
   d - Ice Form                       Ice/Transmutation            4
   e - Blade Hands                    Transmutation                5
Comestibles
 c - 3 bread rations
 z - 2 chunks of flesh
 A - a slice of pizza


   Skills:
 + Level 4.1 Fighting
 + Level 4.0 Dodging
 - Level 5.6 Unarmed Combat
 - Level 2.0 Spellcasting
 - Level 5.6 Transmutations


You had 7 spell levels left.
You knew the following spells:

 Your Spells              Type           Power        Failure   Level  Hunger
a - Beastly Appendage     Tmut           ###...       2%          1    ##.....
b - Sticks to Snakes      Tmut           ###.....     4%          2    ###....


Dungeon Overview and Level Annotations

Branches:
Dungeon (6/15)             Temple (1/1) D:5

Altars:
Ashenzari
Cheibriados
Dithmenos
Elyvilon
Gozag
Hepliaklqana
Kikubaaqudgha
Makhleb
Nemelex Xobeh
Okawaru
Pakellas
Qazlal
Ru
Sif Muna
Trog
Uskayaw
Vehumet
Xom
Yredelemnul
Zin
The Shining One

Annotations:
D:2 Jessica
D:3 exclusion: eye of draining
D:4 crawlian's ghost, weakling DEFE


Innate Abilities, Weirdness & Mutations

You can breathe blasts of scalding, opaque steam.
Your pale cyan-grey scales are hard. (AC +6)
Your body does not fit into most forms of armour.
You are cold-blooded and may be slowed by cold attacks.
You have claws for feet.


Message History

Confirm with . or Enter, or press ? or * to list all spells.
Your feet morph into talons.
The ogre hits you but does no damage.
You completely miss the ogre. The ogre hits you with a giant club!
You hit the ogre but do no damage. You hit the ogre but do no damage.
Your kick misses the ogre. You tail-slap the ogre.
The ogre is lightly wounded.
The ogre hits you with a giant club!!
* * * LOW HITPOINT WARNING * * *
You are too injured to fight recklessly!
There is an escape hatch in the ceiling here.
Your transformation is almost over.
The ogre hits you with a giant club.
* * * LOW HITPOINT WARNING * * *
A mysterious force pulls you upwards. The hatch slams shut behind you.
Level annotation: exclusion: eye of draining Unknown command.
As you read the scroll of teleportation, it crumbles to dust.
You feel strangely unstable. The ogre hits you with a giant club!!
You die...

#...........# #.####..###.#
#####.##........#
#........#...#..##########
#.###.####...............#
#.# #.# #......########.#
#.###.####....#.# #.#
#..........O.##.# #.#
#####.####.@....# #.# #.#
###.#### #.# #.# ##'## #.#
#.# ##...## #.# ####.#
##.....## ###.#
##.##.###.......######.#.###
##...#.##.........#.........#
#......['.........+..........
##...####.........#.#.....#.#


You could see an ogre.

Vanquished Creatures
  An ice beast (D:5)
  An orc warrior (D:5)
  An ogre (D:5)
  A centaur (D:5)
  A howler monkey (D:5)
  A crimson imp (D:5)
  A centaur zombie (D:3)
  A hound (D:6)
  A jelly (D:6)
  An orc wizard (D:5)
  2 giant frog skeletons
  An iguana (D:5)
  5 worker ants
  A worker ant zombie (D:5)
  7 gnolls
  8 adders
  A shadow imp (D:5)
  An ooze (D:1)
  An adder skeleton (D:4)
  3 worms
  A dart slug (D:1)
  2 giant geckos
  9 orcs
  10 giant cockroaches
  12 goblins
  5 hobgoblins
  3 jackals
  11 kobolds
  2 ball pythons (D:1)
  8 bats
  A giant cockroach zombie (D:5)
  5 giant newts
  A quokka skeleton (D:6)
  11 rats
  A plant (D:3)
122 creatures vanquished.

Vanquished Creatures (collateral kills)
  A giant cockroach (D:5)
1 creature vanquished.

Grand Total: 123 creatures vanquished

Notes
Turn   | Place    | Note
-------+----------+-------------------------------------------
     0 | D:1      | seren the Draconian Transmuter began the quest for the Orb.
     0 | D:1      | Reached XP level 1. HP: 16/16 MP: 3/3
   155 | D:1      | Reached XP level 2. HP: 21/23 MP: 3/5
   271 | D:1      | Learned a level 2 spell: Sticks to Snakes
   726 | D:1      | Reached XP level 3. HP: 27/28 MP: 6/6
  1524 | D:2      | Noticed Jessica
  1907 | D:2      | Found a white marble altar of Elyvilon.
  1943 | D:1      | Reached XP level 4. HP: 22/35 MP: 7/7
  2080 | D:1      | Reached skill level 5 in Unarmed Combat
  3905 | D:3      | Found a bloodstained altar of Trog.
  3905 | D:3      | Noticed an eye of draining
  3994 | D:3      | Reached XP level 5. HP: 40/40 MP: 6/8
  4455 | D:3      | Found a shimmering altar of Xom.
  4455 | D:3      | Found a hazy altar of Hepliaklqana.
  4455 | D:3      | Found an ancient bone altar of Kikubaaqudgha.
  4834 | D:4      | Noticed an ogre
  5129 | D:3      | You fall through a shaft for 3 floors!
  5640 | D:6      | Found a shadowy altar of Dithmenos.
  5666 | D:6      | Reached XP level 6. HP: 13/47 MP: 9/9
  5933 | D:5      | Entered Level 5 of the Dungeon
  5977 | D:5      | Found a shimmering altar of Xom.
  6023 | D:5      | Noticed an orc warrior
  6030 | D:5      | Killed an orc warrior
  6030 | D:5      | Reached skill level 5 in Transmutations
  6088 | D:5      | Found a staircase to the Ecumenical Temple.
  6100 | Temple   | Entered the Ecumenical Temple
  6105 | Temple   | Became a worshipper of Warmaster Okawaru
  6209 | D:4      | Noticed crawlian's ghost (weakling DEFE)
  6228 | D:5      | Your scales start taking on a pale cyan-grey colour.
  6228 | D:5      | Reached XP level 7. HP: 49/53 MP: 8/10
  7063 | D:5      | Reached * piety under Okawaru
  8146 | D:3      | Demolished by an ogre

Vault maps used:
D:1:      evilmike_arrival_crescent
D:2:      lemuel_crystal_altar, uniq_jessica
D:3:      wad_lake_hut, trog_eyes_of_draining,
          gammafunk_temple_overflow_forgotten
D:4:      first_bread
D:5:      fedhas_altar_1, basic_altar, nicolae_ru_path_of_blood
D:6:      wad_crossroads, nicolae_dithmenos_through_a_glass_darkly,
          grunt_ministairs_1, elyvilon_altar_4
Temple:   minmay_freezing_vapour_temple

Skill      XL: |  1  2  3  4  5  6  7 |
---------------+----------------------+-----
Unarmed Combat | 4 5 |  5.6
Transmutations | 4 5 |  5.6
Dodging        | 2 4 |  4.0
Fighting       | 4 |  4.1
Spellcasting   | |  2.0

Action                   |  1- 3 |  4- 6 |  7- 9 || total
-------------------------+-------+-------+-------++-------
Melee: Unarmed           |   139 |   259 |   152 ||   550
       Kick              |     2 |     9 |    17 ||    28
       Tailslap          |    13 |    32 |    19 ||    64
       Punch             |     4 |     6 |     4 ||    14
       Headbutt          |     2 |    10 |     4 ||    16
 Cast: Beastly Appendage |     3 |    12 |    14 ||    29
       Sticks to Snakes  |       |     3 |     6 ||     9
 Abil: Breathe Steam     |       |       |     4 ||     4
Evoke: Wand              |       |     2 |       ||     2
  Use: Scroll            |       |     1 |     2 ||     3
       Potion            |       |     2 |     3 ||     5
 Stab: Distracted        |       |       |     1 ||     1
  Eat: Chunk             |     2 |     9 |     8 ||    19
       Pizza             |       |     1 |       ||     1
       Meat ration       |       |     1 |       ||     1
Armor: Skin              |    38 |    64 |    34 ||   136
Dodge: Dodged            |   100 |   106 |   104 ||   310
